 Dungeon Crawl Stone Soup version 0.31-a0-187-gba352fbbf7 (webtiles) character file.

Game seed: 4994245231029253181

28 qw the Shooter (level 2, -1/16 HPs)
             Began as a Deep Elf Hunter on June 22, 2023.
             Slain by a goblin
             ... wielding a +0 club
             ... led by Robin
              (3 damage)
             ... on level 2 of the Dungeon.
             The game lasted 00:00:25 (951 turns).

qw the Shooter (Deep Elf Hunter)                     Turns: 951, Time: 00:00:25

Health: -1/16      AC:  4    Str:  7 (8)  XL:     2   Next: 96%
Magic:  4/4        EV: 12    Int: 11 (13) God:
Gold:   95         SH:  0    Dex: 17 (18) Spells: 1/1 levels left

rFire   . . .        Y - +0 shortbow
rCold   . . .        (shield currently unavailable)
rNeg    . . .        c - +0 leather armour
rPois   .            (no helmet)
rElec   .            h - +0 cloak
rCorr   .            (no gloves)
SInv    .            (no boots)
Will    .....        k - amulet of regeneration
Stlth   ++           (no ring)
HPRegen 1.02/turn    (no ring)
MPRegen 0.09/turn

%: no passive effects
@: about to teleport
A: no striking features
a: no special abilities


You were on level 2 of the Dungeon.
You visited 1 branch of the dungeon, and saw 2 of its levels.

You collected 95 gold pieces.


   Skills:
 - Level 1.5 Fighting
 + Level 6.6 Ranged Weapons
 - Level 2.4 Dodging
 - Level 1.2 Stealth


You had one spell level left.
You didn't know any spells.
Your spell library was empty.

Inventory:

Hand Weapons
 Y - a +0 shortbow (weapon)
Armour
 c - a +0 leather armour (worn)
 h - a +0 cloak (worn)
Jewellery
 k - an amulet of regeneration (around neck)
Scrolls
 a - a scroll of teleportation
Potions
 e - a potion of magic {unknown}
 i - a potion of curing {unknown}

Dungeon Overview and Level Annotations

Branches:
Dungeon (2/15)

Altars:

Annotations:
D:2 1 runed translucent door, Crazy Yiuf, Robin


Message History

You kill the goblin!
The goblin barely misses you.
You shoot an arrow. The arrow hits Robin.
Robin is lightly wounded.
The goblin hits you but does no damage. Robin hits you with a +0 whip.
You shoot an arrow. The arrow hits Robin.
Robin is heavily wounded.
You hear a shout!
The goblin hits you with a +0 club. The goblin closely misses you.
Robin closely misses you.
You hear a shout!
You hear an angry hiss.
You shoot an arrow. The arrow barely misses Robin.
You hear a shout!
The goblin barely misses you. The goblin closely misses you.
Robin roars a battlecry!
The goblins go into a battle-frenzy!
You shoot an arrow. The arrow barely misses Robin.
The goblin barely misses you. The goblin closely misses you.
Robin hits you but does no damage.
You shoot an arrow.
The arrow hits Robin but does no damage.
Robin is heavily wounded.
The goblin closely misses you. x2; Robin closely misses you.
You shoot an arrow. The arrow hits Robin.
Robin is severely wounded.
Robin hits you with a +0 whip.
A goblin comes into view. It is wielding a +0 club.
The goblin hits you but does no damage.
You shoot an arrow.
The arrow hits Robin but does no damage.
Robin is severely wounded.
The goblin hits you with a +0 club. The goblin completely misses you.
The goblin closely misses you. Robin barely misses you.
The goblin hits you with a +0 club. Robin hits you with a +0 whip.
The goblin hits you with a +0 club. x2
951 ||| READING 2 scrolls of teleportation.
As you read the scroll of teleportation, it crumbles to dust.
You feel strangely unstable. The goblin hits you with a +0 club.
You die...

#. #. # #. #
#.###.# g#
...... g.
...###g#.g#
#.g....g#
#######gg#
.......g@##.#
.........g..#
#...###.#####
>.........####
#########....#
####.## #..#
####.########
+...........(


You could see Robin and 4 goblins.

Vanquished Creatures
  3 ball pythons
  An endoplasm (D:1)
  A giant cockroach (D:1)
  5 goblins
  4 hobgoblins (D:2)
  3 kobolds
  A quokka (D:2)
  3 bats
  5 rats
26 creatures vanquished.

Notes
Turn   | Place    | Note
-------+----------+-------------------------------------------
     0 | D:1      | qw the Deep Elf Hunter began the quest for the Orb.
     0 | D:1      | Reached XP level 1. HP: 12/12 MP: 3/3
     0 | D:1      | 0 ||| qw: Version: 0.3-a-9-g12657ce
     0 | D:1      | 0 ||| qw: Game counter: 2214
     0 | D:1      | 0 ||| qw: Always use a shield: true
     0 | D:1      | 0 ||| qw: God list: Okawaru
     0 | D:1      | 0 ||| qw: Allow faded altars: false
     0 | D:1      | 0 ||| qw: Do Orc after D:15 true
     0 | D:1      | 0 ||| qw: Do second Lair branch before Depths: true
     0 | D:1      | 0 ||| qw: Lair rune preference: random
     0 | D:1      | 0 ||| qw: Plans: Normal
     0 | D:1      | 0 ||| PLANNING D:1-11
   272 | D:1      | Reached XP level 2. HP: 16/16 MP: 4/4
   354 | D:1      | Reached skill level 6 in Ranged Weapons
   663 | D:1      | 663 ||| UPGRADING to +0 cloak.
   668 | D:1      | 668 ||| UPGRADING to amulet of regeneration.
   673 | D:1      | 673 ||| READING 3 scrolls labelled XYBIER LARU.
   678 | D:1      | 678 ||| READING scroll labelled PUTYORE EDWE.
   679 | D:1      | 679 ||| DRINKING 2 red potions.
   680 | D:1      | 680 ||| DRINKING 2 fuming dark potions.
   681 | D:1      | 681 ||| DROPPING scroll of butterflies.
   682 | D:1      | 682 ||| DROPPING potion of attraction.
   683 | D:1      | 683 ||| DROPPING potion of degeneration.
   766 | D:2      | Found a runed translucent door.
   767 | D:2      | Noticed Crazy Yiuf
   929 | D:2      | Noticed Robin
   930 | D:2      | 930 ||| Stepping ~*~*~tactically~*~*~ (outnumbered).
   950 | D:2      | HP: 2/16 [goblin/+0 club[Robin] (5)]
   951 | D:2      | 951 ||| READING 2 scrolls of teleportation.
   951 | D:2      | Slain by a goblin

Levels and vault maps discovered:
D:1:      minmay_arrival_stair_chambers, layout_loops_ring
D:2:      layout_basic, minmay_3d_cube, uniq_robin, uniq_crazy_yiuf_cottage

Skill      XL: |  1  2 |
---------------+-------+-----
Ranged Weapons | 6 |  6.6
Fighting       | |  1.5
Dodging        | |  2.4
Stealth        | |  1.2

Action                     || total
---------------------------++-------
   Fire: Shortbow          ||    86
    Use: Scroll            ||     3
         Potion            ||     2
 Armour: Leather armour    ||    11
  Dodge: Dodged            ||    37

Table legend:
 A = Non-vault XP
 B = Vault XP
 C = Vault XP percentage of total XP
 D = Non-vault monster count
 E = Vault monster count
 F = Vault count percentage of total count
                 A         B        C        D         E       F
            +---------+---------+-------+---------+---------+-------
      Total |      29 |      11 |  27.5 |      20 |       6 |  23.1
            +---------+---------+-------+---------+---------+-------
        D:1 |      17 |       0 |   0.0 |      11 |       0 |   0.0
        D:2 |      12 |      11 |  47.8 |       9 |       6 |  40.0
            +---------+---------+-------+---------+---------+-------
